 Dungeon Crawl Stone Soup version 0.23-a0-558-g30802b1d75 (webtiles) character file.

28 Manul the Sneak (level 3, -6/27 HPs)
             Began as a Demonspawn Assassin on Dec 12, 2018.
             Killed from afar by an orc wizard (7 damage)
             ... with a magic dart
             ... on level 1 of the Dungeon.
             The game lasted 00:02:11 (1124 turns).

Manul the Sneak (Demonspawn Assassin)               Turns: 1124, Time: 00:02:13

Health: -6/27      AC:  7    Str: 11    XL:     3   Next: 0%
Magic:  12/12      EV: 10    Int: 12    God:
Gold:   53         SH:  0    Dex: 15    Spells: 2/2 levels left

rFire    . . .     SeeInvis .   a - +2 dagger
rCold    . . .     Gourm    .   (no shield)
rNeg     . . .     Faith    .   k - +0 ring mail
rPois    .         Spirit   .   (no helmet)
rElec    .         Reflect  .   d - +0 cloak
rCorr    .         Harm     .   (no gloves)
MR       +....                  (no boots)
Stlth    ++........             (no amulet)
HPRegen  0.00/turn              j - ring of magical power
MPRegen  0.13/turn              (no ring)

@: slowed, very slow
A: claws 2, talons 1, magic resistance 1, shaggy fur 1, inhibited regeneration
a: no special abilities


You were on level 1 of the Dungeon.
You were hungry.

You visited 1 branch of the dungeon, and saw 2 of its levels.

You collected 53 gold pieces.

Inventory:

Hand Weapons
 a - a +2 dagger (weapon)
 b - a +0 blowgun
Missiles
 e - 8 poisoned needles
 f - 2 curare-tipped needles
Armour
 c - a +0 robe
 d - a +0 cloak (worn)
 k - a +0 ring mail (worn)
Jewellery
 j - a ring of magical power (left claw)
Scrolls
 h - a scroll of magic mapping {unknown}
 i - a scroll of identify {unknown}
 p - a scroll of remove curse {unknown}
Comestibles
 g - 2 rations


   Skills:
 + Level 2.1 Fighting
 + Level 1.8 Short Blades
 - Level 2.1 Throwing
 + Level 0.8 Dodging
 * Level 4.3 Stealth


You had 2 spell levels left.
You didn't know any spells.
Your spell library was empty.

Dungeon Overview and Level Annotations

Branches:
Dungeon (2/15)

Altars:


Innate Abilities, Weirdness & Mutations

You have very sharp fingernails.
You have sharp toenails.
You are resistant to hostile enchantments. (MR+)
You are covered in fur. (AC +1)
You do not regenerate when monsters are visible.


Message History

You feel yourself slow down.
You hit the orc wizard. Your kick misses the orc wizard.
The orc wizard is severely wounded.
The orc wizard closely misses you.
The orc wizard hits you with a +0 dagger.
* * * LOW HITPOINT WARNING * * *
You closely miss the orc wizard.
The orc wizard is severely wounded.
The orc wizard gestures wildly while chanting.
The orc wizard blinks!
The orc hits you but does no damage.
You hit the orc. You claw the orc.
You kill the orc!
You have reached level 3!
Your experience leads to an increase in your attributes!
Increase (S)trength, (I)ntelligence, or (D)exterity?
You feel agile.
Your demonic ancestry asserts itself...
Your fingernails sharpen.
The orc wizard casts a spell at you. The magic dart hits you!
You die...

....#.#######............#
....#...........)........#
....########.............#
....# #.............#
....# #.............#
....# ######.............#
..<.# #.(.......o.....####
....# #......###ยง######
##### #......# #@# #
#......# #.# #
#......###.# #
#........#.# #
#......#.#.# #
#......#.#.#
##############.#.#
...............#.#
################.#


You could see an orc wizard.

Vanquished Creatures
  2 orcs (D:1)
  6 bats
  A giant cockroach (D:2)
  5 goblins
  5 kobolds
  A ball python (D:1)
  A frilled lizard (D:1)
  3 rats
24 creatures vanquished.

Notes
Turn   | Place    | Note
-------+----------+-------------------------------------------
     0 | D:1      | Manul the Demonspawn Assassin began the quest for the Orb.
     0 | D:1      | Reached XP level 1. HP: 16/16 MP: 1/1
   230 | D:1      | Reached skill level 4 in Stealth
   258 | D:1      | Gained mutation: You have sharp fingernails. [demonic
                  | ancestry]
   258 | D:1      | Reached XP level 2. HP: 18/22 MP: 2/2
   801 | D:2      | Gained mutation: You do not regenerate when monsters are
                  | visible. [potion of mutation]
   801 | D:2      | Gained mutation: You are covered in fur. (AC +1) [potion of
                  | mutation]
   801 | D:2      | Gained mutation: You are resistant to hostile enchantments.
                  | (MR+) [potion of mutation]
   801 | D:2      | Gained mutation: You have sharp toenails. [potion of
                  | mutation]
  1122 | D:1      | HP: 1/22 [orc wizard/+0 dagger (1)]
  1124 | D:1      | Gained mutation: You have very sharp fingernails. [demonic
                  | ancestry]
  1124 | D:1      | Reached XP level 3. HP: 1/27 MP: 3/3
  1124 | D:1      | Killed from afar by an orc wizard

Vault maps used:
D:1:      elethiomel_arrival_shortcut, minmay_misc_feat_nine_boxes
D:2:      overflow_temple_1_default, minmay_pentomino_u2

Skill      XL: |  1 |
---------------+----+-----
Stealth        | 4 |  4.3
Throwing       | 2 |  2.1
Fighting       | |  2.1
Short Blades   | |  1.8
Dodging        | |  0.8

Action                   || total
-------------------------++-------
Melee: Dagger            ||    82
       Kick              ||     4
  Use: Potion            ||     4
       Scroll            ||     1
 Stab: Sleeping          ||     3
       Distracted        ||     1
Armor: Ring mail         ||    57
Dodge: Dodged            ||    59

Table legend:
 A = Non-vault XP
 B = Vault XP
 C = Vault XP percentage of total XP
 D = Non-vault monster count
 E = Vault monster count
 F = Vault count percentage of total count
                 A         B        C        D         E       F
            +---------+---------+-------+---------+---------+-------
      Total |      41 |       0 |   0.0 |      24 |       0 |   0.0
            +---------+---------+-------+---------+---------+-------
        D:1 |      30 |       0 |   0.0 |      17 |       0 |   0.0
        D:2 |      11 |       0 |   0.0 |       7 |       0 |   0.0
            +---------+---------+-------+---------+---------+-------
